 Dungeon Crawl Stone Soup version 0.18.1-5-g4a78601 (webtiles) character file.

4634 mopl the Destroyer (level 10, -5/50 HPs)
             Began as a Deep Elf Conjurer on May 9, 2016.
             Was an Elder of Vehumet.
             Slain by a killer bee (8 damage)
             ... on level 8 of the Dungeon.
             The game lasted 00:19:53 (8064 turns).

mopl the Destroyer (Deep Elf Conjurer)              Turns: 8064, Time: 00:19:54

Health: -5/50      AC:  8    Str:  5    XL:     10   Next: 20%
Magic:  1/25       EV: 13    Int: 24    God:    Vehumet [****..]
Gold:   412        SH:  0    Dex: 15    Spells: 7 memorised, 4 levels left

rFire  . . .     SeeInvis +     Y - staff of energy {!a}
rCold  . . .     Gourm    .     W - +4 robe "Vyleig" {rElec}
rNeg   . . .     Faith    .     (no shield)
rPois  .         Spirit   .     (no helmet)
rElec  +         Dismiss  .     M - +0 cloak
rCorr  .         Reflect  .     (no gloves)
SustAt .         Harm     .     n - +0 pair of boots
MR     +....     Rnd*Tele +     (no amulet)
Stlth  ++........               T - ring of teleportation (curse)
                                v - ring of see invisible

@: somewhat resistant to hostile enchantments, unstealthy
A: no striking features
a: Renounce Religion


You were on level 8 of the Dungeon.
You worshipped Vehumet.
Vehumet was greatly pleased with you.
You were not hungry.

You visited 2 branches of the dungeon, and saw 9 of its levels.
You also visited: Sewer and Ossuary.

You collected 412 gold pieces.

Inventory:

Hand Weapons
 D - a +3 dagger of freezing
Missiles
 w - 7 javelins (quivered)
 E - 9 tomahawks
 J - a throwing net
Armour
 n - a +0 pair of boots (worn)
 M - a +0 cloak (worn)
 W - the +4 robe "Vyleig" (worn) {rElec}
   (You found it in an ossuary)

   It insulates you from electricity.
Magical Staves
 a - an uncursed staff of wizardry {!a}
 Y - an uncursed staff of energy (weapon) {!a}
Jewellery
 v - a ring of see invisible (left hand)
 F - an uncursed ring of flight
 T - a cursed ring of teleportation (right hand)
 Z - an uncursed ring of stealth
Wands
 z - a wand of iceblast (7/15)
 H - a wand of confusion (36/48)
 I - a wand of lightning (1/15)
 X - a wand of polymorph (12/24)
Scrolls
 d - 2 scrolls of enchant armour {unknown}
 e - 9 scrolls of identify {unknown}
 h - 2 scrolls of fear {unknown}
 o - 4 scrolls of fog {unknown}
 p - a scroll of enchant weapon {unknown}
 r - 4 scrolls of recharging {unknown}
 u - a scroll of amnesia {unknown}
 x - a scroll of blinking {unknown}
 y - a scroll of magic mapping {unknown}
 G - 2 scrolls of noise {unknown}
 P - a scroll of immolation {unknown}
 S - 3 scrolls of remove curse {unknown}
 U - a scroll of teleportation {unknown}
Potions
 g - 3 potions of degeneration {unknown}
 i - 5 potions of heal wounds {unknown}
 j - 3 potions of cure mutation {unknown}
 k - 4 potions of lignification {unknown}
 l - a potion of cancellation {unknown}
 q - 3 potions of ambrosia {unknown}
 s - a potion of beneficial mutation {unknown}
 B - 6 potions of might {unknown}
 C - 2 potions of curing
 N - a potion of mutation {unknown}
 O - 2 potions of flight {unknown}
 Q - 2 potions of berserk rage {unknown}
 V - a potion of agility {unknown}
Books
 b - a book of Conjurations

   Spells                             Type                      Level
   a - Magic Dart                     Conjuration                  1
   b - Searing Ray                    Conjuration                  2
   c - Dazzling Spray                 Conjuration/Hexes            3
   d - Fulminant Prism                Conjuration/Hexes            4
   e - Iskenderun's Mystic Blast      Conjuration                  4
   f - Iskenderun's Battlesphere      Conjuration/Charms           5
 K - a book of Summonings

   Spells                             Type                      Level
   a - Recall                         Summoning/Translocation      3
   b - Aura of Abjuration             Summoning                    5
   c - Summon Demon                   Summoning                    5
   d - Summon Forest                  Summoning/Translocation      5
   e - Summon Mana Viper              Hexes/Summoning              5
   f - Shadow Creatures               Summoning                    6
 L - a book of Unlife

   Spells                             Type                      Level
   a - Recall                         Summoning/Translocation      3
   b - Animate Dead                   Necromancy                   4
   c - Control Undead                 Necromancy                   4
   d - Cigotuvi's Embrace             Necromancy                   5
   e - Death Channel                  Necromancy                   6
   f - Simulacrum                     Ice/Necromancy               6
 R - a book of Necromancy

   Spells                             Type                      Level
   a - Pain                           Necromancy                   1
   b - Animate Skeleton               Necromancy                   1
   c - Vampiric Draining              Necromancy                   3
   d - Regeneration                   Charms/Necromancy            3
   e - Animate Dead                   Necromancy                   4
   f - Control Undead                 Necromancy                   4
Comestibles
 c - 11 bread rations
 f - 7 meat rations
 m - 2 beef jerkies
 t - 9 slices of pizza
 A - 2 fruits


   Skills:
 - Level 2.4 Dodging
 - Level 2.4 Stealth
 + Level 9.7 Spellcasting
 * Level 11.9 Conjurations
 + Level 7.9 Hexes
 + Level 7.7 Charms


You had 4 spell levels left.
You knew the following spells:

 Your Spells              Type           Power        Failure   Level  Hunger
a - Magic Dart            Conj           ####         1%          1    None
b - Searing Ray           Conj           ######       1%          2    None
c - Dazzling Spray        Conj/Hex       ######..     1%          3    None
d - Iskenderun's Mystic   Conj           ######..     1%          4    None
f - Bolt of Draining      Conj/Necr      #####.....   4%          5    None
g - Iskenderun's Battles  Conj/Chrm      ######..     1%          5    None
h - Fulminant Prism       Conj/Hex       ######....   1%          4    None


Dungeon Overview and Level Annotations

Branches:
Dungeon (8/15)             Temple (1/1) D:4
   Lair: D:8-11

Altars:
Cheibriados
Dithmenos
Gozag
Makhleb
Pakellas
Ru
Sif Muna
Trog
Vehumet
Zin
The Shining One


Message History

* * * LOW HITPOINT WARNING * * *
An ice beast comes into view.
Unknown command.
A giant gecko comes into view.
The killer bee barely misses you. x2
Evoke which item? (* to show all) (? for menu, Esc to quit)
Okay, then.
Unknown command.
A hound comes into view.
The killer bee stings you.
* * * LOW HITPOINT WARNING * * *
Unknown command.
The killer bee stings you.
* * * LOW HITPOINT WARNING * * *
The killer bee stings you but does no damage.
Found a bubbling green potion.
Unknown command.
The hound barks!
The killer bee stings you!
You die...

+.......+......†.........
#.......#................
#......##................
#......##................
#......#####....:........
###+#### ##..W..........
###....##'####+##
+...yy..l†.....#
###.@..###.##.... #....#
.. .. #....# #.# #......
.. ..h..... #Y.
...##....# ... #... ...!#
#... ....#


You could see a phantom, a hound, 2 killer bees and a giant gecko.

Vanquished Creatures
  A hill giant (D:6)
  Grinder (D:3)
  Prince Ribbit (D:5)
  A yak (D:7)
  A steam dragon (D:8)
  A human (D:7)
  A hungry ghost (D:7)
  A water moccasin (D:7)
  An ice beast (D:4)
  2 orc warriors
  2 necrophages
  A black bear (D:6)
  A phantom (D:6)
  2 sky beasts
  A centaur (D:8)
  A big kobold (Sewer)
  3 giant frogs
  A gnoll sergeant (D:6)
  2 water moccasin zombies (Ossuary)
  5 scorpions
  4 killer bees (D:8)
  2 howler monkeys
  2 crimson imps
  3 hounds
  2 orc priests
  2 giant frog skeletons
  A jelly (D:5)
  A centaur skeleton (D:7)
  5 iguanas
  4 worker ants
  7 orc wizards
  3 sheep (D:7)
  6 big kobold zombies (Ossuary)
  A hound skeleton (D:6)
  A worker ant zombie (D:8)
  2 mummies (Ossuary)
  5 gnolls (D:6)
  7 adders
  3 river rats (Sewer)
  An ooze (Sewer)
  4 adder zombies (Ossuary)
  2 worms
  2 dart slugs (D:1)
  7 giant geckos
  28 orcs
  16 giant cockroaches
  5 gnoll zombies (Ossuary)
  7 goblins
  6 hobgoblins
  3 jackals (D:3)
  5 quokkas
  5 ball pythons
  A bat (D:1)
  2 giant gecko zombies (D:6)
  5 giant newts
  4 hobgoblin zombies (Ossuary)
  11 kobolds
  4 kobold zombies (Ossuary)
  3 orc zombies (Ossuary)
  9 rats
221 creatures vanquished.

Notes
Turn   | Place    | Note
--------------------------------------------------------------
     0 | D:1      | mopl the Deep Elf Conjurer began the quest for the Orb.
     0 | D:1      | Reached XP level 1. HP: 10/10 MP: 6/6
   123 | D:1      | Reached XP level 2. HP: 15/15 MP: 0/8
   127 | D:1      | Learned a level 2 spell: Searing Ray
   643 | D:1      | Reached skill level 5 in Conjurations
   945 | D:2      | Reached XP level 3. HP: 19/19 MP: 5/10
   956 | D:2      | Learned a level 3 spell: Dazzling Spray
  1103 | D:2      | Reached skill level 4 in Spellcasting
  2120 | D:3      | Reached XP level 4. HP: 24/24 MP: 10/12
  2130 | D:3      | Learned a level 4 spell: Iskenderun's Mystic Blast
  2195 | D:3      | Noticed Grinder
  2202 | D:3      | Killed Grinder
  2202 | D:3      | Reached skill level 5 in Spellcasting
  2202 | D:3      | Reached skill level 6 in Conjurations
  2202 | D:3      | Reached XP level 5. HP: 9/28 MP: 5/15
  2202 | D:3      | Reached XP level 6. HP: 10/32 MP: 5/16
  2214 | D:3      | Learned a level 4 spell: Fulminant Prism
  2461 | D:3      | Reached skill level 7 in Conjurations
  2761 | D:4      | Reached skill level 1 in Hexes
  2808 | D:4      | Noticed an ice beast
  2814 | D:4      | Killed an ice beast
  2828 | D:4      | Found a staircase to the Ecumenical Temple.
  2838 | Temple   | Entered the Ecumenical Temple
  2913 | Temple   | Became a worshipper of Vehumet
  2976 | D:4      | Found a glowing drain.
  2978 | D:4      | Reached skill level 2 in Hexes
  3020 | Sewer    | Entered a sewer
  3065 | Sewer    | Reached skill level 6 in Spellcasting
  3208 | Sewer    | Reached XP level 7. HP: 29/36 MP: 11/18
  3515 | D:4      | Reached skill level 8 in Conjurations
  3620 | D:4      | Reached * piety under Vehumet
  3620 | D:4      | Offered knowledge of Freeze by Vehumet.
  3699 | D:4      | Reached skill level 3 in Hexes
  3798 | D:4      | Learned a level 5 spell: Iskenderun's Battlesphere
  3949 | D:4      | Reached skill level 1 in Charms
  4110 | D:4      | Reached skill level 4 in Hexes
  4213 | D:5      | Entered Level 5 of the Dungeon
  4235 | D:5      | Reached skill level 7 in Spellcasting
  4235 | D:5      | Reached XP level 8. HP: 40/40 MP: 15/20
  4250 | D:5      | Reached skill level 9 in Conjurations
  4250 | D:5      | Reached skill level 2 in Charms
  4359 | D:5      | Noticed Prince Ribbit
  4396 | D:5      | Killed Prince Ribbit
  4396 | D:5      | Reached skill level 3 in Charms
  4497 | D:5      | Reached skill level 5 in Hexes
  4546 | D:5      | Offered knowledge of Shock by Vehumet.
  4553 | D:5      | Reached ** piety under Vehumet
  4746 | D:5      | Found a snail-covered altar of Cheibriados.
  4758 | D:5      | Found a shadowy altar of Dithmenos.
  4898 | D:5      | Found a deep blue altar of Sif Muna.
  4984 | D:6      | Reached skill level 4 in Charms
  5223 | D:6      | Reached skill level 10 in Conjurations
  5285 | D:6      | Noticed a hill giant
  5290 | D:6      | Killed a hill giant
  5290 | D:6      | Reached skill level 8 in Spellcasting
  5290 | D:6      | Reached skill level 6 in Hexes
  5290 | D:6      | Reached skill level 5 in Charms
  5290 | D:6      | Reached XP level 9. HP: 44/44 MP: 7/23
  5828 | D:6      | Offered knowledge of Ignite Poison by Vehumet.
  5960 | D:7      | Reached *** piety under Vehumet
  5960 | D:7      | Reached skill level 6 in Charms
  6034 | D:7      | Found a sacrificial altar of Ru.
  6034 | D:7      | Found a burning altar of Makhleb.
  6109 | D:7      | Reached skill level 9 in Spellcasting
  6109 | D:7      | Reached skill level 11 in Conjurations
  6109 | D:7      | Reached skill level 7 in Hexes
  6328 | D:7      | Found a sand-covered staircase.
  6333 | Ossuary  | Entered an ossuary
  6392 | Ossuary  | Offered knowledge of Airstrike by Vehumet.
  6836 | Ossuary  | Reached **** piety under Vehumet
  6842 | Ossuary  | Offered knowledge of Bolt of Draining by Vehumet.
  6987 | Ossuary  | Learned a level 5 spell: Bolt of Draining
  6999 | Ossuary  | Reached skill level 7 in Charms
  7032 | Ossuary  | Got a creamy pearl robe
  7043 | Ossuary  | Identified the +4 robe "Vyleig" {rElec} (You found it in an ossuary)
  7467 | D:7      | Reached XP level 10. HP: 29/49 MP: 2/25
  8064 | D:8      | Slain by a killer bee

Skill      XL: |  1  2  3  4  5  6  7  8  9 |
---------------+----------------------------+-----
Conjurations   | 5 6 7 8 10 11 | 11.9
Spellcasting   | 4 5 6 7 8 9 |  9.7
Hexes          | 2 4 6 7 |  7.9
Charms         | 1 5 7 |  7.7
Dodging        | |  2.4
Stealth        | |  2.4

Action                   |  1- 3 |  4- 6 |  7- 9 | 10-12 || total
-------------------------+-------+-------+-------+-------++-------
Melee: Dagger            |     8 |    22 |     7 |       ||    37
 Cast: Magic Dart        |    72 |    35 |   153 |    17 ||   277
       Searing Ray       |     1 |     4 |    28 |     3 ||    36
       Iskenderun's Myst |       |     7 |    29 |       ||    36
       Dazzling Spray    |       |     4 |     3 |     5 ||    12
       Iskenderun's Batt |       |       |    25 |     5 ||    30
Evoke: Wand              |       |       |     2 |     1 ||     3
       Staff of energy   |       |       |       |     7 ||     7
  Use: Potion            |       |       |       |     1 ||     1
 Stab: Sleeping          |     1 |       |       |       ||     1
       Invisible         |       |     1 |       |       ||     1
  Eat: Chunk             |     3 |     5 |    17 |     2 ||    27
       Fruit             |       |       |     2 |       ||     2
Armor: Robe              |     3 |       |     8 |     4 ||    15
Dodge: Dodged            |    12 |    23 |    33 |    28 ||    96
